 Dungeon Crawl Stone Soup version 0.21.0-3-g78d12a8 (webtiles) character file.

18236 asthiss the Fighter (level 12, -13/115 HPs)
             Began as a Minotaur Fighter on Jan 11, 2018.
             Was a High Priest of Makhleb.
             Shot with a bolt by an orc warrior (19 damage)
             ... on level 2 of the Orcish Mines on Jan 14, 2018.
             The game lasted 00:57:37 (10347 turns).

asthiss the Fighter (Minotaur Fighter)             Turns: 10347, Time: 00:57:37

Health: -13/115    AC: 17    Str: 28    XL:     12   Next: 25%
Magic:  0/11       EV:  9    Int:  5    God:    Makhleb [*****.]
Gold:   1064       SH: 12    Dex:  9    Spells: 11/11 levels left

rFire    + . .     SeeInvis .   i - +2 scimitar (flame)
rCold    x . .     Gourm    .   c - +0 shield
rNeg     + . .     Faith    .   d - +3 ring mail {rN+}
rPois    .         Spirit   +   (helmet restricted)
rElec    .         Reflect  .   (no cloak)
rCorr    .         Harm     .   o - +0 pair of gloves
MR       .....                  q - +0 pair of boots
Stlth    ..........             C - amulet of the Thoughtful Orbs {Spirit Str+4 Dex-3 Slay+2}
HPRegen  0.69/turn              g - +4 ring of protection
MPRegen  0.12/turn              s - ring of fire

@: about to teleport, very slightly contaminated
A: retaliatory headbutt, fangs 1, horns 2, talons 1, regeneration 1
a: Minor Destruction, Lesser Servant of Makhleb, Major Destruction, Greater
Servant of Makhleb, Renounce Religion


You were on level 2 of the Orcish Mines.
You worshipped Makhleb.
Makhleb was extremely pleased with you.
You were not hungry.

You visited 3 branches of the dungeon, and saw 14 of its levels.
You also visited: Sewer and Bailey.

You collected 1238 gold pieces.
You spent 174 gold pieces at shops.

Inventory:

Hand Weapons
 a - a +2 long sword
 b - a +2 falchion of slicing
 i - a +2 scimitar of flaming (weapon)
 K - a +0 falchion of freezing
Armour
 c - a +0 shield (worn)
 d - a +3 ring mail of positive energy (worn)
 o - a +0 pair of gloves (worn)
 q - a +0 pair of boots (worn)
Jewellery
 g - a +4 ring of protection (left hand)
 j - an uncursed amulet of regeneration
 s - a ring of fire (right hand)
 C - the amulet of the Thoughtful Orbs (around neck) {Spirit Str+4 Dex-3 Slay+2}
   (You found it on level 9 of the Dungeon)

   [amulet of guardian spirit]

   It causes incoming damage to be split between your health and magic.
   It affects your strength (+4).
   It affects your dexterity (-3).
   It affects your accuracy and damage with ranged weapons and melee attacks
   (+2).
 J - an uncursed ring of magical power
Wands
 r - a wand of enslavement (17)
 x - a wand of polymorph (18)
 D - a wand of iceblast (12)
 E - a wand of disintegration (14)
 G - a wand of flame (35)
Scrolls
 h - 10 scrolls of remove curse
 k - 2 scrolls of magic mapping
 n - 7 scrolls of teleportation
 A - 3 scrolls of fear
 H - a scroll of enchant armour
 I - a scroll of amnesia
Potions
 m - 3 potions of brilliance
 u - a potion of flight
 v - a potion of magic
 z - 2 potions of curing
Books
 l - a book of Conjurations

   Spells                             Type                      Level
   a - Magic Dart                     Conjuration                  1
   b - Searing Ray                    Conjuration                  2
   c - Dazzling Spray                 Conjuration/Hexes            3
   d - Fulminant Prism                Conjuration/Hexes            4
   e - Force Lance                    Conjuration/Translocation    4
   f - Iskenderun's Mystic Blast      Conjuration                  4
 p - a book of Minor Magic

   Spells                             Type                      Level
   a - Magic Dart                     Conjuration                  1
   b - Blink                          Translocation                2
   c - Call Imp                       Summoning                    2
   d - Slow                           Hexes                        2
   e - Conjure Flame                  Conjuration/Fire             3
   f - Mephitic Cloud                 Conjuration/Poison/Air       3
 t - a book of Minor Magic

   Spells                             Type                      Level
   a - Magic Dart                     Conjuration                  1
   b - Blink                          Translocation                2
   c - Call Imp                       Summoning                    2
   d - Slow                           Hexes                        2
   e - Conjure Flame                  Conjuration/Fire             3
   f - Mephitic Cloud                 Conjuration/Poison/Air       3
 w - a book of Power

   Spells                             Type                      Level
   a - Iskenderun's Battlesphere      Conjuration/Charms           5
   b - Venom Bolt                     Conjuration/Poison           5
   c - Bolt of Magma                  Conjuration/Fire/Earth       5
   d - Iron Shot                      Conjuration/Earth            6
   e - Orb of Destruction             Conjuration                  7
   f - Spellforged Servitor           Conjuration/Summoning        7
Comestibles
 f - 25 rations
 F - 6 chunks of flesh


   Skills:
 * Level 13.1 Fighting
 * Level 12.9 Long Blades
 + Level 7.5 Throwing
 + Level 10.0 Armour
 + Level 10.1 Shields


You had 11 spell levels left.
You didn't know any spells.

Dungeon Overview and Level Annotations

Branches:
Dungeon (11/15)            Temple (1/1) D:4            Lair (0/6) D:10
    Orc (2/2) D:11            Elf (0/3) Orc:2

Altars:
Ashenzari
Cheibriados
Dithmenos
Elyvilon
Fedhas
Gozag
Hepliaklqana
Kikubaaqudgha
Makhleb
Nemelex Xobeh
Okawaru
Qazlal
Ru
Sif Muna
Trog
Uskayaw
Vehumet
Wu Jian
Xom
Yredelemnul
Zin
The Shining One
Beogh

Shops:
Orc:2 (


Innate Abilities, Weirdness & Mutations

You reflexively headbutt those who attack you in melee.
You have a pair of horns on your head.
You have very sharp teeth.
You have sharp toenails.
Your natural rate of healing is unusually fast.


Message History

The orc warrior wields an uncursed great mace.
The orc warrior hits you with an uncursed great mace.
The orc warrior shoots a bolt.
You block the bolt.
You see here a bolt.
The orc knight unwields an uncursed broad axe.
The orc knight wields an uncursed arbalest.
The orc knight shoots a bolt.
The bolt hits you!!
* * * LOW HITPOINT WARNING * * *
You hear a shout! x2
You see here a bolt.
The orc shoots a bolt.
The bolt hits you but does no damage.
You see here a bolt.
As you read the scroll of teleportation, it crumbles to dust.
You feel strangely unstable.
The orc warrior hits you with a dire flail!
* * * LOW HITPOINT WARNING * * *
The orc warrior unwields an uncursed great mace.
The orc warrior wields an uncursed arbalest.
The orc warrior shoots a bolt.
The bolt hits you!!
You die...

)................................
)................................
.>...............................
.................................
.................................
.................................
.................................
.................o...o(..($......
................@oooo(o...(....(.
....................o..o...(.....
............................((...
....##..##..##...###.oo##.o##(.##
.. ...≈≈# #≈≈oo.....().# .
...≈≈≈# #≈≈≈o....))).. . ..≈≈≈≈##
##≈≈≈≈..o..... . ≈≈≈≈##
###≈≈≈≈...... . ##≈≈≈≈.....


You could see 2 orc knights, 10 orc warriors and 2 orcs.

Vanquished Creatures
  A hydra (D:11)
  3 two-headed ogres
  An orc high priest (Orc:2)
  An unseen horror (D:10)
  The ghost of asthiss the Shield-Bearer, a novice MiFi of Makhleb (D:6)
  3 cyclopes (D:11)
  A manticore (D:11)
  Joseph (D:9)
  2 gargoyles (D:11)
  A komodo dragon (D:10)
  5 trolls
  Grinder (D:6)
  A hippogriff (D:11)
  11 yaks (D:10)
  2 wyverns
  Grum (D:11)
  A basilisk (D:10)
  4 hungry ghosts
  A warg (Orc:2)
  An acid dragon (D:10)
  An ice beast (D:10)
  14 orc warriors
  A black bear (D:7)
  4 sky beasts
  2 wolves (D:11)
  2 eyes of draining
  6 ogres
  2 crocodiles (D:10)
  8 centaurs
  The ghost of komo4ek the Insei, an amateur OpTm (D:3)
  A big kobold (D:8)
  9 bullfrogs
  A gnoll sergeant (D:10)
  4 scorpions
  2 howler monkeys (D:9)
  4 wights
  3 electric eels (D:7)
  7 jellies
  4 crimson imps
  A centaur zombie (D:9)
  A hound (D:6)
  2 centaur skeletons
  7 orc priests
  A quasit (D:10)
  10 orc wizards
  2 bullfrog skeletons
  Jessica (D:2)
  5 iguanas
  4 worker ants
  A killer bee zombie (D:6)
  A hound zombie (D:8)
  3 hound skeletons
  Robin (D:3)
  2 worker ant zombies
  A howler monkey skeleton (D:10)
  21 gnolls
  A river rat (D:3)
  8 adders
  A shadow imp (D:5)
  11 oozes (Sewer)
  An adder skeleton (D:5)
  2 worms (D:3)
  4 dart slugs
  16 leopard geckos
  55 orcs
  17 ball pythons
  6 bats
  22 giant cockroaches
  35 goblins
  24 hobgoblins
  20 jackals
  7 kobolds
  3 quokkas
  12 frilled lizards
  A jackal skeleton (D:5)
  A leopard gecko skeleton (D:4)
  2 quokka skeletons
  2 quokka zombies
  10 rats
  A plant (D:7)
445 creatures vanquished.

Vanquished Creatures (collateral kills)
  An ugly thing (D:11)
1 creature vanquished.

Vanquished Creatures (others)
  2 plants (D:7)
2 creatures vanquished.

Grand Total: 448 creatures vanquished

Notes
Turn   | Place    | Note
-------+----------+-------------------------------------------
     0 | D:1      | asthiss the Minotaur Fighter began the quest for the Orb.
     0 | D:1      | Reached XP level 1. HP: 19/19 MP: 0/0
   103 | D:1      | Reached XP level 2. HP: 20/27 MP: 1/1
   224 | D:1      | Reached skill level 4 in Fighting
   355 | D:1      | Reached XP level 3. HP: 32/33 MP: 2/2
   998 | D:2      | Reached XP level 4. HP: 31/40 MP: 3/3
  1154 | D:2      | Noticed Jessica
  1159 | D:2      | Killed Jessica
  1239 | D:2      | Reached XP level 5. HP: 47/47 MP: 4/4
  1343 | D:2      | Found a faded altar of an unknown god.
  1439 | D:3      | Noticed komo4ek's ghost (amateur OpTm)
  1447 | D:3      | Killed komo4ek's ghost
  1447 | D:3      | Reached skill level 5 in Fighting
  1447 | D:3      | Reached skill level 1 in Throwing
  1654 | D:3      | Noticed Robin
  1664 | D:3      | Reached XP level 6. HP: 44/56 MP: 5/5
  1670 | D:3      | Killed Robin
  1734 | D:3      | Gained mutation: You have very sharp teeth. [potion of mutation]
  1734 | D:3      | Gained mutation: You have sharp toenails. [potion of mutation]
  1734 | D:3      | Gained mutation: Your natural rate of healing is unusually fast. [potion of mutation]
  1935 | D:3      | Found a glowing drain.
  1954 | Sewer    | Entered a sewer
  2138 | Sewer    | Reached skill level 5 in Shields
  2229 | Sewer    | Reached skill level 5 in Long Blades
  2229 | Sewer    | Reached skill level 5 in Armour
  2231 | Sewer    | Reached skill level 6 in Fighting
  2231 | Sewer    | Reached XP level 7. HP: 55/63 MP: 6/6
  2355 | D:3      | Found a basalt altar of Yredelemnul.
  2399 | D:3      | Found a shimmering altar of Xom.
  3018 | D:4      | Found a staircase to the Ecumenical Temple.
  3366 | Temple   | Entered the Ecumenical Temple
  3375 | Temple   | Became a worshipper of Makhleb the Destroyer
  3401 | D:5      | Entered Level 5 of the Dungeon
  3573 | D:5      | Found a hide-covered altar of Uskayaw.
  4118 | D:6      | Noticed Grinder
  4126 | D:6      | Killed Grinder
  4141 | D:6      | Reached * piety under Makhleb
  4180 | D:6      | Reached XP level 8. HP: 71/71 MP: 7/7
  4189 | D:6      | Reached skill level 7 in Fighting
  4204 | D:6      | Found an ornate altar of the Wu Jian Council.
  4394 | D:6      | Found a glowing golden altar of the Shining One.
  4492 | D:6      | Noticed asthiss's ghost (novice MiFi)
  4520 | D:6      | Killed asthiss's ghost
  4520 | D:6      | Reached skill level 8 in Fighting
  4888 | D:6      | Reached XP level 9. HP: 69/82 MP: 8/8
  5504 | D:7      | Found a flagged portal.
  5528 | Bailey   | Entered a bailey
  5588 | Bailey   | Reached ** piety under Makhleb
  5684 | Bailey   | Reached skill level 9 in Fighting
  5812 | Bailey   | Reached *** piety under Makhleb
  5870 | Bailey   | Noticed an orc warlord
  5884 | Bailey   | HP: 3/83 [orc warlord/great mace (32)]
  6055 | D:7      | Noticed a troll
  6068 | D:7      | Killed a troll
  6446 | D:8      | Reached skill level 5 in Throwing
  6687 | D:8      | Found a glowing golden altar of the Shining One.
  6802 | D:8      | Reached XP level 10. HP: 93/93 MP: 9/9
  7057 | D:9      | Reached skill level 10 in Fighting
  7137 | D:9      | Found a stormy altar of Qazlal.
  7139 | D:9      | Noticed Joseph
  7148 | D:9      | Killed Joseph
  7255 | D:9      | Reached skill level 10 in Long Blades
  7279 | D:9      | Reached **** piety under Makhleb
  7471 | D:9      | Got a fine emerald amulet
  7535 | D:9      | Identified the amulet of the Thoughtful Orbs {Spirit Str+4 Dex-3 Slay+2} (You found it on level 9 of the Dungeon)
  7586 | D:9      | Found a bloodstained altar of Trog.
  7877 | D:10     | Entered Level 10 of the Dungeon
  7992 | D:10     | Killed an unseen horror
  8014 | D:10     | Reached skill level 11 in Fighting
  8073 | D:10     | Noticed a two-headed ogre
  8081 | D:10     | Killed a two-headed ogre
  8081 | D:10     | Reached XP level 11. HP: 67/102 MP: 1/10
  8247 | D:10     | Noticed a two-headed ogre
  8254 | D:10     | Killed a two-headed ogre
  8470 | D:10     | Found a staircase to the Lair.
  8815 | D:11     | Found a staircase to the Orcish Mines.
  8861 | D:11     | Noticed a five-headed hydra
  8864 | D:11     | Reached skill level 12 in Fighting
  8871 | D:11     | Killed a one-headed hydra
  8898 | D:11     | Noticed a cyan ugly thing
  8900 | D:11     | Noticed a two-headed ogre
  8911 | D:11     | Killed a cyan ugly thing
  8922 | D:11     | Killed a two-headed ogre
  9335 | D:11     | Reached XP level 12. HP: 108/113 MP: 8/11
  9418 | D:11     | Noticed Grum
  9430 | D:11     | Killed Grum
  9814 | Orc:1    | Entered Level 1 of the Orcish Mines
  9924 | Orc:2    | Entered Level 2 of the Orcish Mines
  9924 | Orc:2    | Found Yluhuhae's Antique Weapon Boutique.
  9940 | Orc:2    | Noticed an orc high priest
  9950 | Orc:2    | Killed an orc high priest
  9950 | Orc:2    | Reached skill level 13 in Fighting
  9950 | Orc:2    | Reached skill level 10 in Shields
  9986 | Orc:2    | Found a roughly hewn altar of Beogh.
 10026 | Orc:2    | Bought a glowing falchion for 174 gold pieces
 10051 | Orc:2    | Reached ***** piety under Makhleb
 10051 | Orc:2    | Reached skill level 10 in Armour
 10262 | Orc:2    | Found a staircase to the Elven Halls.
 10342 | Orc:2    | HP: 10/115 [orc knight/bolt (21)]
 10347 | Orc:2    | Shot with a bolt by an orc warrior

Skill      XL: |  1  2  3  4  5  6  7  8  9 10 11 12 |
---------------+-------------------------------------+-----
Fighting       | 4 5 6 8 9 11 12 13 | 13.1
Armour         | 4 5 6 7 8 9 10 | 10.0
Shields        | 4 5 6 7 8 9 10 | 10.1
Long Blades    | 3 4 5 6 7 9 11 12 | 12.9
Throwing       | 1 2 3 5 6 7 |  7.5

Action                   |  1- 3 |  4- 6 |  7- 9 | 10-12 || total
-------------------------+-------+-------+-------+-------++-------
Melee: Long sword        |   120 |   250 |   359 |       ||   729
       Headbutt          |    15 |    45 |    78 |    70 ||   208
       Kick              |       |    18 |    18 |       ||    36
       Bite              |       |     6 |    49 |    36 ||    91
       Scimitar          |       |       |    35 |   360 ||   395
Throw: Tomahawk          |     3 |       |    33 |    50 ||    86
Invok: Minor Destruction |       |       |       |     1 ||     1
       Lesser Servant of |       |       |       |     1 ||     1
  Use: Scroll            |     2 |     2 |    17 |     8 ||    29
       Potion            |       |     3 |     4 |     4 ||    11
  Eat: Chunk             |       |     5 |    10 |     4 ||    19
       Ration            |       |       |     2 |     3 ||     5
Armor: Scale mail        |    58 |       |       |       ||    58
       Chain mail        |       |   217 |    76 |       ||   293
       Ring mail         |       |       |    80 |   127 ||   207
Dodge: Dodged            |    42 |    92 |    85 |   101 ||   320
Block: Shield            |    80 |   187 |   161 |   238 ||   666
       Rpst.: Long sword |     9 |    22 |    21 |       ||    52
       Scimitar          |       |       |     1 |    26 ||    27
